 Dungeon Crawl Stone Soup version 0.31.0-11-ge490571c62 (webtiles) character file.

Game seed: 17909691620180137993

494 gelatine the Chopper (level 6, -7/48 HPs)
             Began as a Demonspawn Fighter on Jan 27, 2024.
             Succumbed to Sigmund's poison
             ... on level 4 of the Dungeon.
             The game lasted 00:09:55 (3298 turns).

gelatine the Chopper (Demonspawn Fighter)           Turns: 3298, Time: 00:09:55

Health: -7/48      AC: 17    Str: 18    XL:     6   Next: 92%
Magic:  6/6        EV:  9    Int:  9    God:
Gold:   203        SH:  4    Dex: 12    Spells: 5/5 levels left

rFire   . . .        g - +4 broad axe (flame)
rCold   . . .        c - +0 buckler
rNeg    . . .        l - +0 shadow dragon scales
rPois   .            (no helmet)
rElec   .            (no cloak)
rCorr   +            (no gloves)
SInv    .            m - +0 pair of boots
Will    .....        A - amulet of the acrobat
Stlth   +++          i - ring of resist corrosion
HPRegen 0.28/turn    t - +4 ring of protection
MPRegen 0.10/turn

%: acrobat
@: lethally poisoned (-7 -> -35)
A: repulsion field 1, powered by death 1, demonic touch 1
a: no special abilities


You were on level 4 of the Dungeon.
You visited 1 branch of the dungeon, and saw 4 of its levels.

You collected 203 gold pieces.

Inventory:

Hand Weapons
 g - a +4 broad axe of flaming (weapon)
 z - the +8 dagger of Disaster {flame, +Blink rPois rC- Str+6}
   (You found it on level 4 of the Dungeon)

   Str+6:     It affects your strength (+6).
   rC-:       It makes you vulnerable to cold.
   rPois:     It protects you from poison +Blink: It lets you blink.
Missiles
 f - a throwing net (quivered)
 j - 5 atropa-tipped darts
 x - 3 boomerangs
Armour
 c - a +0 buckler (worn)
 l - +0 shadow dragon scales (worn)
 m - a +0 pair of boots (worn)
 s - a +0 ring mail of poison resistance
Jewellery
 i - a ring of resist corrosion (left hand)
 t - a +4 ring of protection (right hand)
 A - an amulet of the acrobat (around neck)
Wands
 q - a wand of flame (20)
 r - a wand of acid (9)
 u - a wand of roots (6)
Scrolls
 h - a scroll of vulnerability {unknown}
 k - a scroll of amnesia {unknown}
 n - a scroll of identify
 o - 2 scrolls of noise {unknown}
 p - a scroll of fear {unknown}
 v - a scroll of enchant weapon {unknown}
 y - a scroll of brand weapon {unknown}
Potions
 a - a potion of resistance {unknown}
 b - 2 potions of curing
 d - 3 potions of might
 e - a potion of brilliance
 w - 3 potions of enlightenment
 B - a potion of heal wounds {unknown}


   Skills:
 + Level 3.9 Fighting
 + Level 4.1 Axes
 + Level 3.6 Armour
 * Level 2.1 Dodging
 * Level 2.6 Stealth
 + Level 3.2 Shields
 * Level 0.8 Evocations


You had 5 spell levels left.
You didn't know any spells.
Your spell library contained the following spells:

 Spells                   Type           Power      Damage    Failure   Level
 Frozen Ramparts          Ice            0%         1d1       100%        3
 Leda's Liquefaction      Alch/Erth      0%         N/A       100%        4
 Petrify                  Alch/Erth      0%         N/A       100%        4
 Metabolic Englaciation   Hex/Ice        0%         N/A       100%        5


Dungeon Overview and Level Annotations

Branches:
Dungeon (4/15)
 Temple: D:4-7

Altars:
Kikubaaqudgha

Annotations:
D:4 Sigmund


Innate Abilities, Weirdness & Mutations

You are surrounded by a mild repulsion field. (EV +2)
You regenerate a little health from kills.
Your touch may inflict minor irresistible damage on your foes.


Message History

Sigmund hits you but does no damage.
You are poisoned.
You finish putting on your amulet of the acrobat.
You feel ready to tumble and roll out of harm's way.
A - an amulet of the acrobat (around neck)
You feel very sick.
You feel sick. Sigmund barely misses you.
You feel sick. Sigmund completely misses you.
You feel sick.
You feel less confused.
You feel sick. Sigmund misses you.
You barely miss Sigmund.
You feel sick. Sigmund closely misses you.
You barely miss Sigmund.
You feel sick. Sigmund hits you but does no damage.
You are more poisoned.
You closely miss Sigmund.
You feel very sick. Sigmund closely misses you.
You closely miss Sigmund.
You feel sick. Sigmund barely misses you.
You barely miss Sigmund.
You feel sick.
Sigmund says, "Look into my eyes."
Sigmund hits you with a +0 scythe of venom.
You are more poisoned.
You hit Sigmund but do no damage.
You feel very sick.
Sigmund flickers, as though insubstantial.
Sigmund hits you with a +0 scythe of venom!
You are lethally poisoned!
You barely miss Sigmund.
* * * LOW HITPOINT WARNING * * *
You feel extremely sick. Sigmund hits you but does no damage.
You are more poisoned.
You barely miss Sigmund.
* * * LOW HITPOINT WARNING * * *
You feel extremely sick. Sigmund hits you but does no damage.
You are more poisoned.
You slash Sigmund! You burn Sigmund.
Sigmund is moderately wounded.
You die...

..................†.
.....##...#########
#...# #...# #...#
#...# #...# #...#
+...###...#
#...'.#...#
#...#.#...#
#.@@#.....#
#...##....# #######
#...##...## #......
#...##....# #.#####
#...##..).###.#
######.....##.#
#...#)##.#
#...#....#
#...###..#


You could see Sigmund.

Vanquished Creatures
  A water moccasin (D:4)
  A vampire bat (D:4)
  Ijyb (D:3)
  A sleepcap (D:4)
  Jessica (D:3)
  An iguana (D:4)
  6 adders
  4 gnolls (D:2)
  A dart slug (D:1)
  3 fire bats (D:4)
  3 ribbon worms
  3 orcs (D:3)
  2 spectral bats (D:4)
  4 ball pythons
  3 bat skeletons (D:4)
  2 bat zombies
  3 endoplasms
  4 giant cockroaches
  7 goblins
  4 hobgoblins
  2 quokkas
  13 bats
  A bat simulacrum (D:4)
  2 frilled lizards (D:1)
  3 frilled lizard zombies (D:3)
  8 kobolds
  5 rats
89 creatures vanquished.

Notes
Turn   | Place    | Note
-------+----------+-------------------------------------------
     0 | D:1      | gelatine the Demonspawn Fighter began the quest for the
                  | Orb.
     0 | D:1      | Reached XP level 1. HP: 18/18 MP: 1/1
   213 | D:1      | Gained mutation: Your touch may inflict minor irresistible
                  | damage on your foes. [demonic ancestry]
   213 | D:1      | Reached XP level 2. HP: 20/24 MP: 2/2
   290 | D:1      | Reached skill level 2 in Axes
  1048 | D:2      | Reached XP level 3. HP: 28/29 MP: 3/3
  1195 | D:2      | Gained mutation: You are surrounded by a mild repulsion
                  | field. (EV +2) [demonic ancestry]
  1195 | D:2      | Reached XP level 4. HP: 35/35 MP: 4/4
  1211 | D:2      | Reached skill level 1 in Stealth
  1380 | D:2      | Reached skill level 1 in Dodging
  2038 | D:3      | Gained mutation: You regenerate a little health from kills.
                  | [demonic ancestry]
  2038 | D:3      | Reached XP level 5. HP: 39/41 MP: 5/5
  2210 | D:3      | Noticed Ijyb
  2211 | D:3      | Noticed Jessica
  2218 | D:3      | Killed Ijyb
  2219 | D:3      | Reached skill level 3 in Axes
  2224 | D:3      | Killed Jessica
  2472 | D:3      | Found an ancient bone altar of Kikubaaqudgha.
  2651 | D:4      | Identified a scroll of acquirement
  2652 | D:4      | Acquired a +4 broad axe of flaming
  2723 | D:4      | Noticed a water moccasin
  2734 | D:4      | Killed a water moccasin
  2735 | D:4      | Reached XP level 6. HP: 24/48 MP: 6/6
  2941 | D:4      | Reached skill level 4 in Axes
  3181 | D:4      | Identified the +8 dagger of Disaster {flame, +Blink rPois
                  | rC- Str+6}
  3279 | D:4      | Noticed Sigmund
  3297 | D:4      | HP: 2/48 [poisoned by Sigmund]
  3298 | D:4      | Succumbed to Sigmund's poison

Illustrated notes

Levels and vault maps discovered:
D:1:      dpeg_arrival_court, layout_loops_corners
D:2:      layout_loops_ring, eino_tiny_chamber, minmay_tetromino_l4
D:3:      layout_basic, lemuel_zombie_altar_kikubaaqudgha,
          minmay_fractal_squares_diagonal_5, uniq_jessica, uniq_ijyb
D:4:      layout_basic, goddamned_bats, uniq_sigmund

Skill      XL: |  1  2  3  4  5  6 |
---------------+-------------------+-----
Axes           | 2 3 4 |  4.1
Armour         | 3 |  3.6
Shields        | 3 |  3.2
Stealth        | 1 2 |  2.6
Dodging        | 1 2 |  2.1
Fighting       | |  3.9
Evocations     | |  0.8

Action                     |  1- 3 |  4- 6 || total
---------------------------+-------+-------++-------
  Melee: War axe           |    90 |    96 ||   186
         Broad axe         |       |    64 ||    64
    Use: Scroll            |       |     6 ||     6
   Stab: Sleeping          |     1 |    12 ||    13
 Armour: Scale mail        |    56 |       ||    56
         Shadow dragon sca |    13 |   147 ||   160
  Dodge: Dodged            |    39 |    80 ||   119
  Block: Buckler           |    23 |    37 ||    60
